 Dungeon Crawl Stone Soup version 0.25-b1-23-ge2ad7d536c (webtiles) character file.

Game seed: 15976313673680138879, levelgen mode: deterministic

987 snowfan the Thaumaturge (level 7, -1/46 HPs)
             Began as a Mummy Fire Elementalist on May 30, 2020.
             Slain by a gnoll shaman
             ... wielding a +0 club
              (10 damage)
             ... on level 4 of the Dungeon.
             The game lasted 00:26:27 (5797 turns).

snowfan the Thaumaturge (Mummy Fire Elementalist)   Turns: 5797, Time: 00:26:28

Health: -1/46      AC:  3    Str: 11    XL:     7   Next: 97%
Magic:  10/18      EV:  6    Int: 17    God:
Gold:   268        SH:  0    Dex: 18    Spells: 15/22 levels left

rFire    x . .     SeeInvis .   r - +2 dagger (pain)
rCold    + . .     Gourm    .   (no shield)
rNeg     + + +     Faith    .   d - +0 robe
rPois    ∞         Spirit   .   j - +0 helmet
rElec    .         Reflect  .   (no cloak)
rCorr    .         Harm     .   (no gloves)
MR       .....                  (no boots)
Stlth    ++........             o - amulet of the acrobat
HPRegen  0.15/turn              (no ring)
MPRegen  0.16/turn              m - +6 ring of dexterity

@: very slightly contaminated, held
A: no food or potions, fire vulnerability, cold resistance 1, negative energy
resistance 3, torment resistance, unbreathing
a: no special abilities


You were on level 4 of the Dungeon.
You were not hungry.

You visited 1 branch of the dungeon, and saw 4 of its levels.
You also visited: Ossuary.

You collected 268 gold pieces.

Inventory:

Hand Weapons
 b - a +0 hunting sling
 g - a +1 dagger of venom
 r - a +2 dagger of pain (weapon)
Missiles
 a - 20 sling bullets
 c - 127 stones (quivered)
Armour
 d - a +0 robe (worn)
 j - a +0 helmet (worn)
Jewellery
 i - an uncursed amulet of guardian spirit
 m - a +6 ring of dexterity (right hand)
 o - an amulet of the acrobat (around neck)
Scrolls
 f - a scroll of fog
 h - 3 scrolls of identify
 l - 3 scrolls of remove curse
 n - 2 scrolls of enchant armour {unknown}
 p - a scroll of fear
 q - a scroll of amnesia {unknown}


   Skills:
 - Level 1.5 Dodging
 - Level 1.5 Stealth
 - Level 8.1 Spellcasting
 - Level 0.7 Conjurations
 + Level 6.0 Fire Magic


You had 15 spell levels left.
You knew the following spells:

 Your Spells              Type           Power        Failure   Level  Hunger
a - Foxfire               Conj/Fire      ###.         2%          1    N/A
d - Conjure Flame         Conj/Fire      ###.....     8%          3    N/A
x - Inner Flame           Hex/Fire       ###.....     9%          3    N/A

Your spell library contained the following spells:

 Spells                   Type           Power        Failure   Level  Hunger
 Sticky Flame             Conj/Fire      ###.....     26%         4    N/A
 Fireball                 Conj/Fire      ###.......   56%         5    N/A

Dungeon Overview and Level Annotations

Branches:
Dungeon (4/15)            Ossuary (visited)
 Temple: D:4-7

Altars:
Dithmenos
Gozag
Nemelex Xobeh
Yredelemnul


Innate Abilities, Weirdness & Mutations

You do not eat or drink.
Your flesh is vulnerable to fire.
You are immune to poison.
Your flesh is cold resistant. (rC+)
You are immune to negative energy. (rN+++)
You are immune to unholy pain and torment.
You can survive without breathing.


Message History

Your foxfire is unaffected.
The foxfire hits the gnoll shaman.
The gnoll shaman is severely wounded.
Your attack snaps the gnoll shaman out of its fear.
The foxfire hits the gnoll shaman.
The gnoll shaman is severely wounded.
The gnoll shaman prays to its god.
The gnoll shaman is healed somewhat.
You have a feeling of ineptitude.
r - a +2 dagger of pain (weapon)
The gnoll shaman prays to its god.
The gnoll shaman is healed somewhat.
You struggle against the net.
The gnoll shaman hits you with a +0 club.
* * * LOW HITPOINT WARNING * * *
Casting: Foxfire (safe; 2% risk of failure)
Confirm with . or Enter, or press ? or * to list all spells.
You conjure some foxfire!
The gnoll shaman hits you with a +0 club!
You die...

#.............# #.........##
#..#######...... ########.......
#..# #.>..... ...........#..#
#..# #.....g###.######..##..#
#..## . ?...#...........###.##
##...###.#....#..##.####..##.#.##
.........# #.#.#.#.####..##..#.##
##...##### ##..v..#.....##...'.##
#..## #...g@##.###..##..#.## #!.#
##..v.##.# #...##.#.## ##..#
##.#.##.# #.#..###.## ....######
#.#.##.###.##..##.# ###......#
#.......##.###..#.## ######.#
#................... #.#
#.......##.######.##
######.#####.#.##.###.# #.#
.[.................# #.# #.#


You could see a gnoll shaman and a gnoll (fleeing).

Vanquished Creatures
  Sigmund (D:2)
  An ogre (D:4)
  Blork the orc (D:4)
  3 elf zombies (Ossuary)
  A hound (D:3)
  An orc wizard (D:4)
  A human zombie (Ossuary)
  An iguana (D:4)
  Natasha (thrice) (D:2)
  A big kobold zombie (Ossuary)
  A hound zombie (Ossuary)
  5 mummies
  Robin (D:3)
  3 adders
  5 gnolls
  4 oozes
  5 worms
  3 dart slugs
  3 leopard geckos
  5 orcs
  11 goblins
  11 hobgoblins
  9 kobolds
  2 quokkas (D:3)
  7 bats
  2 frilled lizards
  A hobgoblin zombie (Ossuary)
  A jackal zombie (Ossuary)
  A kobold zombie (Ossuary)
  2 orc zombies (Ossuary)
  2 rats (D:3)
  A rat zombie (Ossuary)
99 creatures vanquished.

Vanquished Creatures (collateral kills)
  A goblin (D:1)
1 creature vanquished.

Vanquished Creatures (others)
  471 foxfires
471 creatures vanquished.

Grand Total: 571 creatures vanquished

Notes
Turn   | Place    | Note
-------+----------+-------------------------------------------
     0 | D:1      | snowfan the Mummy Fire Elementalist began the quest for the
                  | Orb.
     0 | D:1      | Reached XP level 1. HP: 13/13 MP: 4/4
    57 | D:1      | Reached skill level 3 in Spellcasting
   267 | D:1      | Reached XP level 2. HP: 19/19 MP: 1/6
  1129 | D:2      | Noticed Natasha
  1135 | D:2      | Killed Natasha
  1135 | D:2      | Reached skill level 4 in Spellcasting
  1135 | D:2      | Reached XP level 3. HP: 24/24 MP: 1/9
  1152 | D:2      | Noticed Natasha
  1159 | D:2      | Killed Natasha
  1159 | D:2      | Reached skill level 5 in Spellcasting
  1181 | D:2      | Reached XP level 4. HP: 30/30 MP: 1/11
  1416 | D:2      | Found a sparkling altar of Nemelex Xobeh.
  1911 | D:2      | Found a basalt altar of Yredelemnul.
  1911 | D:2      | Found an opulent altar of Gozag.
  1938 | D:2      | Noticed Natasha
  1947 | D:2      | Killed Natasha
  1947 | D:2      | Reached skill level 6 in Spellcasting
  2288 | D:2      | Noticed Sigmund
  2299 | D:2      | Killed Sigmund
  2299 | D:2      | Reached skill level 7 in Spellcasting
  2299 | D:2      | Reached XP level 5. HP: 14/35 MP: 4/15
  2299 | D:2      | Reached XP level 6. HP: 17/41 MP: 4/16
  2703 | D:3      | Reached skill level 8 in Spellcasting
  2950 | D:3      | Noticed Robin
  2998 | D:3      | Killed Robin
  4025 | D:4      | Found a sand-covered staircase.
  4298 | D:4      | Learned a level 3 spell: Conjure Flame
  4300 | Ossuary  | Entered an ossuary
  4532 | Ossuary  | Reached XP level 7. HP: 21/46 MP: 3/18
  4717 | Ossuary  | Reached skill level 5 in Fire Magic
  5142 | D:4      | Learned a level 3 spell: Inner Flame
  5698 | D:4      | Found a shadowy altar of Dithmenos.
  5730 | D:4      | Noticed Blork the orc
  5737 | D:4      | Killed Blork the orc
  5797 | D:4      | Slain by a gnoll shaman

Illustrated notes

Levels and vault maps discovered:
D:1:      roderic_crossed_star, layout_basic
D:2:      layout_basic, nemelex_altar_shiori, gammafunk_temple_overflow_wave,
          uniq_sigmund, uniq_natasha
D:3:      layout_basic, minmay_pentangle, uniq_robin
D:4:      layout_loops_ring, first_ration, gup_ossuary_entry_pyramid,
          hangedman_decor_lopped, grunt_dithmenos_smoke_and_mirrors,
          uniq_blork_the_orc

Skill      XL: |  1  2  3  4  5  6  7 |
---------------+----------------------+-----
Spellcasting   | 3 4 5 7 8 |  8.1
Fire Magic     | 4 6 |  6.0
Dodging        | |  1.5
Stealth        | |  1.5
Conjurations   | |  0.7

Action                   |  1- 3 |  4- 6 |  7- 9 || total
-------------------------+-------+-------+-------++-------
Melee: Dagger            |    14 |    21 |       ||    35
 Fire: Hunting sling     |       |       |    22 ||    22
Throw: Stone             |     4 |     2 |       ||     6
 Cast: Foxfire           |    32 |   198 |    83 ||   313
  Use: Scroll            |       |     7 |     1 ||     8
Armor: Robe              |     5 |    20 |       ||    25
Dodge: Dodged            |    18 |    89 |     8 ||   115
